Map: Jagannatha LE

Players

ShoWTimE

  • Race: Protoss Protoss
  • League: Master
  • Spawn Location: 1:00

Serral - Winner!

  • Race: Zerg Zerg
  • League: Master
  • Spawn Location: 7:00

Event: TSL 6

VOD

Have the link to the VOD?

Description

Time

  • Played on: Dec. 19, 2020, 2:38 p.m.
  • Length: 11:20

All games in this series

Show
View Real Time Build Order
Export as new Build Order

ShoWTimE Protoss 

Build Orders: 1 Gate Expand, Oracle Opening, Archon Immortal 

Get SALT Encoding   

  12  0:00  Probe  
  13  0:12  Probe  
  14  0:18  Pylon  
  14  0:24  Probe (Chrono Boost)  
  15  0:36  Probe (Chrono Boost)  
  15  0:39  Gateway  
  16  0:45  Probe (Chrono Boost)  
  16  0:46  Assimilator  
  17  0:51  Probe  
  18  1:03  Probe  
  19  1:15  Probe  
  20  1:24  Nexus  
  20  1:28  Probe  
  21  1:38  Cybernetics Core  
  21  1:43  Assimilator  
  21  1:46  Probe  
  22  1:53  Pylon  
  22  1:58  Probe  
  23  2:11  Adept (Chrono Boost), Probe (Chrono Boost)  
  26  2:16  Stargate  
  26  2:21  Probe (Chrono Boost)  
  27  2:24  Warp Gate  
  27  2:26  Probe (Chrono Boost)  
  28  2:34  Adept  
  30  2:37  Probe (Chrono Boost)  
  32  2:44  Probe (Chrono Boost)  
  32  2:46  Probe (Chrono Boost)  
  32  2:51  Probe x2 (Chrono Boost)  
  34  2:53  Void Ray (Chrono Boost)  
  35  3:02  Probe  
  35  3:03  Probe  
  41  3:14  Pylon, Probe  
  41  3:18  Probe  
  43  3:21  Gateway  
  43  3:26  Probe  
  44  3:30  Probe  
  44  3:31  Oracle (Chrono Boost)  
  48  3:38  Probe  
  49  3:42  Probe  
  50  3:51  Pylon  
  50  3:52  Probe  
  50  3:53  Nexus  
  50  3:55  Probe  
  52  4:02  Twilight Council  
  52  4:07  Probe x2  
  52  4:08  Assimilator  
  54  4:20  Gateway  
  54  4:21  Gateway  
  54  4:23  Gateway  
  55  4:24  Probe x2  
  55  4:27  Void Ray  
  55  4:30  Pylon  
  56  4:34  Resonating Glaives (Chrono Boost)  
  56  4:37  Probe x2  
  62  4:39  Assimilator  
  62  4:44  Pylon  
  62  4:49  Adept  
  62  4:50  Adept  
  66  4:53  Shield Battery  
  66  4:57  Pylon  
  66  5:00  Probe x2  
  66  5:06  Probe  
  69  5:16  Adept x4  
  69  5:18  Adept  
  69  5:19  Probe  
  80  5:22  Assimilator  
  80  5:24  Assimilator  
  80  5:28  Probe  
  81  5:29  Probe  
  81  5:31  Probe  
  83  5:36  Pylon  
  83  5:41  Adept x4  
  83  5:42  Adept  
  93  5:44  Probe  
  93  5:45  Probe  
  93  5:47  Probe  
  96  5:52  Pylon  
  96  5:55  Robotics Facility  
  97  6:00  Pylon  
  96  6:04  Adept x4  
  96  6:06  Sentry  
  96  6:10  Assimilator  
  96  6:11  Probe x3  
  107  6:23  Probe x3  
  106  6:35  Probe x2  
  106  6:36  Probe  
  109  6:42  Immortal (Chrono Boost)  
  109  6:44  Charge  
  109  6:45  Forge  
  111  6:47  Probe x2  
  111  6:48  Probe  
  111  6:52  Sentry x2  
  108  6:59  Probe x2  
  108  7:00  Templar Archives, Gateway x2, Probe  
  105  7:03  Gateway  
  103  7:11  Probe  
  103  7:12  Pylon, Probe  
  103  7:13  Immortal (Chrono Boost)  
  103  7:15  Protoss Ground Weapons Level 1 (Chrono Boost)  
  105  7:17  Sentry  
  111  7:22  Pylon  
  111  7:29  Gateway  
  111  7:31  Gateway  
  111  7:32  Pylon  
  111  7:34  Pylon  
  111  7:41  High Templar  
  111  7:42  Zealot x3, High Templar  
  121  7:46  Archon  
  121  7:47  Observer (Chrono Boost)  
  121  7:51  Pylon  
  122  7:59  Warp Prism (Chrono Boost), Shield Battery  
  122  8:01  Shield Battery  
  122  8:02  Nexus  
  122  8:03  Pylon x2  
  122  8:04  Pylon  
  124  8:07  High Templar x2  
  124  8:11  Archon  
  127  8:15  Zealot x6  
  139  8:20  Shield Battery  
  139  8:23  Immortal (Chrono Boost)  
  139  8:26  High Templar x2  
  147  8:30  Archon  
  138  8:42  Zealot x4  
  138  8:43  Zealot x3  
  146  8:51  Photon Cannon  
  140  8:55  Immortal  
  124  9:04  Zealot x3  
  124  9:05  Zealot x5  
  132  9:22  Pylon  
  132  9:26  Zealot x7  
  134  9:43  High Templar  
  134  9:45  Pylon  
  130  9:46  High Templar x6  
  130  9:47  High Templar  
  130  9:51  Archon x3, Immortal (Chrono Boost)  
  138  9:53  Archon  
  140  10:02  Nexus  
  130  10:24  Immortal  
  130  10:27  Zealot x6, High Templar x2  
  149  10:31  Archon  
  130  10:55  Zealot x2  
  130  10:56  Zealot x4  
  101  11:05  Zealot  
  101  11:06  Zealot  
Show
View Real Time Build Order
Export as new Build Order

Serral Zerg - Winner!

Build Orders: Hatch First, Swarm Host 

Get SALT Encoding   

  12  0:00  Drone  
  13  0:12  Overlord  
  13  0:17  Drone  
  14  0:30  Drone  
  14  0:31  Drone  
  16  0:48  Hatchery  
  15  0:51  Drone  
  15  0:55  Drone  
  17  0:58  Drone  
  18  1:08  Extractor  
  17  1:15  Spawning Pool  
  17  1:17  Drone  
  17  1:20  Drone  
  18  1:28  Drone  
  19  1:39  Drone  
  20  1:49  Overlord  
  20  2:01  Queen x2  
  20  2:02  Zergling x4  
  26  2:11  Drone x2  
  26  2:13  Metabolic Boost  
  28  2:22  Drone x2  
  30  2:35  Hatchery  
  29  2:38  Drone  
  29  2:40  Drone  
  31  2:47  Queen  
  33  2:52  Overlord  
  33  2:56  Drone x2  
  35  2:59  Drone  
  36  3:12  Overlord, Drone x4  
  39  3:16  Zergling x2  
  39  3:19  Drone  
  41  3:23  Queen  
  43  3:30  Overlord  
  43  3:31  Spore Crawler  
  43  3:32  Drone  
  43  3:36  Drone  
  44  3:43  Drone x2  
  44  3:46  Zergling x2  
  44  3:47  Drone x2  
  44  3:48  Queen  
  49  3:49  Drone  
  49  3:54  Drone x2  
  54  3:55  Drone  
  54  3:58  Overlord  
  55  4:05  Zergling x2  
  55  4:06  Drone x2  
  55  4:08  Spore Crawler  
  57  4:11  Spore Crawler  
  57  4:12  Overlord  
  57  4:14  Zergling x2  
  57  4:20  Roach Warren, Drone x2  
  58  4:24  Lair  
  58  4:28  Drone x2  
  58  4:29  Drone  
  61  4:31  Drone x2  
  61  4:36  Queen  
  61  4:37  Extractor x2  
  63  4:42  Zergling x2, Evolution Chamber  
  63  4:43  Drone x2  
  65  4:48  Overlord  
  65  4:50  Drone  
  65  4:51  Overlord  
  66  4:56  Drone  
  67  5:01  Roach  
  67  5:02  Roach x2  
  73  5:07  Overlord  
  73  5:08  Roach x3  
  73  5:12  Drone x3  
  81  5:16  Zerg Missile Weapons Level 1  
  81  5:17  Overlord  
  81  5:19  Zergling x2  
  81  5:20  Overlord  
  82  5:26  Drone x5  
  88  5:28  Drone  
  88  5:33  Extractor, Drone x3  
  88  5:34  Extractor  
  88  5:35  Extractor  
  87  5:36  Zergling x2  
  87  5:38  Overlord  
  87  5:41  Drone x3  
  91  5:43  Drone  
  91  5:50  Hydralisk Den  
  91  5:56  Overlord  
  90  6:00  Roach x5  
  90  6:03  Drone  
  100  6:06  Infestation Pit  
  100  6:11  Roach  
  100  6:12  Roach x3  
  100  6:14  Evolution Chamber  
  100  6:17  Drone x3  
  108  6:20  Glial Reconstitution  
  108  6:25  Drone  
  108  6:26  Drone  
  108  6:30  Roach x4  
  114  6:36  Evolution Chamber  
  108  6:40  Roach x5  
  108  6:46  Queen x2  
  118  6:51  Roach  
  118  6:52  Roach  
  116  6:55  Evolution Chamber  
  116  6:57  Evolution Chamber  
  116  6:58  Overlord, Evolution Chamber  
  113  7:03  Queen  
  113  7:06  Overlord, Drone  
  113  7:07  Overlord  
  116  7:12  Swarm Host x4  
  127  7:18  Swarm Host x2  
  127  7:20  Overlord  
  133  7:25  Overlord  
  133  7:26  Swarm Host x2  
  139  7:31  Swarm Host x2  
  145  7:37  Roach x3  
  145  7:41  Roach  
  145  7:42  Roach x2  
  157  7:46  Ravager x2  
  157  7:47  Ravager x3  
  162  7:52  Roach x3  
  168  7:58  Hatchery  
  168  7:59  Overlord  
  168  8:01  Overlord  
  167  8:11  Roach  
  169  8:13  Overlord x5  
  169  8:20  Overlord  
  169  8:22  Zerg Missile Weapons Level 2  
  169  8:30  Roach x6  
  179  8:43  Roach x7  
  181  8:52  Queen x2  
  181  8:55  Queen  
  183  8:58  Roach  
  165  9:07  Roach x2  
  165  9:08  Roach x2  
  163  9:11  Queen  
  162  9:20  Roach x6  
  168  9:28  Queen  
  166  9:36  Roach x9  
  172  9:41  Roach  
  172  9:42  Roach  
  172  9:45  Swarm Host  
  162  9:47  Swarm Host  
  162  9:48  Swarm Host  
  167  9:59  Roach x7  
  181  10:02  Ravager x8  
  187  10:10  Roach x4  
  193  10:23  Roach x3  
  197  10:36  Hydralisk Den  
  197  10:40  Roach x5  
  187  10:51  Roach x6  
  187  10:55  Roach  
  187  10:56  Roach  
Tags
 
Add a new tag
Caveats
  • Supply blocks, unpowered buildings, or Contaminate may cause inaccurate times.
  • Supply counts are checked every 10 seconds.